 Dungeon Crawl Stone Soup version 0.23.2-40-g277498a001 (webtiles) character file.

Game seed: 18295797894917626256

167 Martska the Skirmisher (level 5, -4/48 HPs)
             Began as a Hill Orc Fighter on Oct 10, 2019.
             Was an Initiate of Okawaru.
             Slain by Grinder (5 damage)
             ... on level 3 of the Dungeon.
             The game lasted 00:08:19 (2647 turns).

Martska the Skirmisher (Hill Orc Fighter)           Turns: 2647, Time: 00:08:19

Health: -4/48      AC:  8    Str: 20    XL:     5   Next: 48%
Magic:  5/5        EV:  7    Int:  8    God:    Okawaru [......]
Gold:   106        SH:  9    Dex: 10    Spells: 4/4 levels left

rFire    . . .     SeeInvis .   a - +0 war axe
rCold    . . .     Gourm    .   c - +0 shield
rNeg     . . .     Faith    .   b - +0 scale mail
rPois    .         Spirit   .   (no helmet)
rElec    .         Reflect  .   (no cloak)
rCorr    .         Harm     .   (no gloves)
MR       .....                  i - +0 pair of boots
Stlth    ..........             (no amulet)
HPRegen  0.16/turn              (no ring)
MPRegen  0.09/turn              (no ring)

@: about to teleport
A: no striking features
a: Renounce Religion


You were on level 3 of the Dungeon.
You worshipped Okawaru.
Okawaru was noncommittal.
You were not hungry.

You visited 1 branch of the dungeon, and saw 3 of its levels.

You collected 106 gold pieces.

Inventory:

Hand Weapons
 a - a +0 war axe (weapon)
 p - a +0 falchion
 q - a +0 hand axe
 r - a +0 mace
 s - a +0 spear
Armour
 b - a +0 scale mail (worn)
 c - a +0 shield (worn)
 e - a +0 chain mail
 i - a +0 pair of boots (worn)
Magical Staves
 v - an uncursed staff of power {unknown}
Jewellery
 k - a cursed -3 ring of dexterity {unknown}
Scrolls
 h - a scroll of teleportation
 m - a scroll of fear
 u - a scroll of enchant weapon {unknown}
Potions
 d - a potion of might
 j - 2 potions of mutation
 l - a potion of agility
 n - a potion of resistance
 o - a potion of curing
 t - 2 potions of brilliance
Comestibles
 f - 5 rations


   Skills:
 * Level 5.1 Fighting
 * Level 4.7 Axes
 + Level 3.9 Armour
 + Level 4.0 Shields


You had 4 spell levels left.
You didn't know any spells.
Your spell library was empty.

Dungeon Overview and Level Annotations

Branches:
Dungeon (3/15)

Altars:
Ashenzari
Okawaru

Annotations:
D:3 Grinder


Message History

You suddenly lose the ability to move!
Grinder gestures at you.
You shrug off the repeated paralysis!
Grinder hits you.
You writhe in agony.
Grinder hits you.
You writhe in agony.
You can move again.
You hit Grinder but do no damage.
Grinder zaps a wand.
The puff of flame hits you.
Grinder zaps a wand.
The puff of flame hits you.
You closely miss Grinder. Grinder hits you.
You writhe in agony.
You closely miss Grinder. Grinder hits you.
* * * LOW HITPOINT WARNING * * *
You writhe in agony.
* * * LOW HITPOINT WARNING * * *
Grinder zaps a wand.
The puff of flame hits you.
* * * LOW HITPOINT WARNING * * *
As you read the scroll of teleportation, it crumbles to dust.
You feel strangely unstable. Grinder hits you.
* * * LOW HITPOINT WARNING * * *
You writhe in agony.
You die...

.# #.# #.#.#
#.#######.###.#.#
#.............#.#
#.........###.#.#
#.........###.#.#####.#
#.#####...............#
#.#####.#.######
.........#.#
#.#.#####<#@# #.#.#
#.#5#### # #.# #...)..#
#.#)##.# #..... ..
#..#<## .# ...... ..
... ... . .... ..#


You could see Grinder.

Vanquished Creatures
  4 adders
  A gnoll (D:1)
  An ooze (D:1)
  3 worms (D:2)
  5 leopard geckos
  7 orcs (D:3)
  4 giant cockroaches
  10 goblins
  10 hobgoblins
  15 jackals
  8 kobolds
  2 quokkas
  5 ball pythons
  9 bats
  A frilled lizard (D:3)
  3 rats
88 creatures vanquished.

Notes
Turn   | Place    | Note
-------+----------+-------------------------------------------
     0 | D:1      | Martska the Hill Orc Fighter began the quest for the Orb.
     0 | D:1      | Reached XP level 1. HP: 19/19 MP: 1/1
   111 | D:1      | Reached XP level 2. HP: 22/27 MP: 2/2
   248 | D:1      | Reached skill level 4 in Fighting
   627 | D:1      | Reached XP level 3. HP: 33/33 MP: 3/3
  1199 | D:2      | Reached XP level 4. HP: 37/41 MP: 4/4
  1361 | D:2      | Found an iron altar of Okawaru.
  1373 | D:2      | Became a worshipper of Warmaster Okawaru
  1751 | D:2      | Found a shattered altar of Ashenzari.
  1980 | D:3      | Reached XP level 5. HP: 43/47 MP: 5/5
  2006 | D:3      | Reached skill level 5 in Fighting
  2061 | D:3      | Noticed Grinder
  2063 | D:3      | Paralysed by Grinder for 2 turns
  2081 | D:3      | Paralysed by something for 4 turns
  2640 | D:3      | Paralysed by Grinder for 4 turns
  2647 | D:3      | HP: 1/48 [Grinder (5)]
  2647 | D:3      | Slain by Grinder

Skill      XL: |  1  2  3  4  5 |
---------------+----------------+-----
Axes           | 3 4 |  4.7
Fighting       | 4 5 |  5.1
Shields        | 4 |  4.0
Armour         | |  3.9

Action                   |  1- 3 |  4- 6 || total
-------------------------+-------+-------++-------
Melee: War axe           |   103 |   154 ||   257
  Use: Scroll            |       |     7 ||     7
       Potion            |       |     1 ||     1
  Eat: Chunk             |     1 |     3 ||     4
       Ration            |       |     1 ||     1
Armor: Scale mail        |    69 |    97 ||   166
Dodge: Dodged            |    45 |    62 ||   107
Block: Shield            |    88 |   118 ||   206
